 Dungeon Crawl Stone Soup version 0.30-a0-172-gc5509c9e31 (webtiles) character file.

Game seed: 11773953498510022890

138 spaghetti the Conjurer (level 5, -2/22 (48) HPs)
             Began as a Tengu Reaver on Oct 2, 2022.
             Was an Initiate of Gozag.
             Slain by an iguana (10 damage)
             ... on level 4 of the Dungeon.
             The game lasted 00:04:16 (1810 turns).

spaghetti the Conjurer (Tengu Reaver)               Turns: 1810, Time: 00:04:17

HP:   -2/22 (48)    AC:  4    Str: 12    XL:     5   Next: 21%
MP:   7/9           EV: 14    Int: 15    God:    Gozag
Gold: 178           SH:  0    Dex: 13    Spells: 3/8 levels left

rFire   . . .      SeeInvis .    o - +1 dagger (pain) {short}
rCold   . . .      Faith    .    (no shield)
rNeg    . . .      Spirit   .    a - +0 leather armour
rPois   .          Reflect  .    (helmet restricted)
rElec   .          Harm     .    (no cloak)
rCorr   .          Rampage  .    f - +0 pair of gloves
Will    .....                    (boots unavailable)
Stlth   ..........               (no amulet)
HPRegen 0.23/turn                (no ring)
MPRegen 0.11/turn                (no ring)

@: berserking, lethally poisoned (-2 -> -6), gold aura, flying quickly and
evasively, very slightly contaminated, extremely drained, very quick
A: beak, talons 3, nimble flight
a: Renounce Religion, Potion Petition, Call Merchant, Bribe Branch


You were on level 4 of the Dungeon.
You worshipped Gozag.
Gozag was aware of your devotion.
You visited 1 branch of the dungeon, and saw 4 of its levels.

You collected 221 gold pieces.
You paid 43 gold pieces to Gozag.


Innate Abilities, Weirdness & Mutations

You have a beak for a mouth.
You have claws for feet.
Your magical nature lets you fly swiftly and evasively.


   Skills:
 * Level 2.9 Fighting
 * Level 2.0 Armour
 * Level 3.2 Dodging
 - Level 3.8 Unarmed Combat
 - Level 2.0 Spellcasting
 - Level 4.0 Conjurations
 * Level 2.0 Necromancy
 + Level 0.4 Air Magic
 + Level 0.5 Poison Magic


You had 3 spell levels left.
You knew the following spells:

 Your Spells              Type           Power      Damage    Failure   Level
a - Kiss of Death         Conj/Necr      40%        2d8       9%          1
b - Cigotuvi's Dreadful   Necr/Pois/Air  8%         N/A       28%         2
c - Sublimation of Blood  Necr           7%         N/A       19%         2

Your spell library contained the following spells:

 Spells                   Type           Power      Damage    Failure   Level
 Momentum Strike          Conj/Tloc      14%        3d8       19%         2
 Slow                     Hex            4%         N/A       28%         1
 Poisonous Vapours        Pois/Air       6%         N/A       34%         2
 Hailstorm                Conj/Ice       7%         3d4       36%         3
 Vampiric Draining        Necr           7%         2d6       36%         3
 Wereblood                Tmut           1%         N/A       38%         2
 Confusing Touch          Hex            1%         N/A       63%         3
 Summon Hydra             Summ           0%         N/A       100%        7

Inventory:

Hand Weapons
 o - a +1 dagger of pain (weapon) {short}
   (You found it on level 3 of the Dungeon)
Missiles
 d - 2 boomerangs {throwing}
 e - 9 poisoned darts {throwing}
 g - 21 stones {throwing}
Armour
 a - a +0 leather armour (worn)
 f - a +0 pair of gloves (worn)
   (You found it on level 2 of the Dungeon)
Jewellery
 n - a ring of positive energy
   (You found it on level 3 of the Dungeon)
Scrolls
 c - 5 scrolls of identify {unknown}
 h - a scroll of amnesia {unknown}
 j - a scroll of enchant armour {unknown}
 l - a scroll of brand weapon {unknown}
 p - a scroll of enchant weapon {unknown}
 s - a scroll of blinking {unknown}
Potions
 b - a potion of lignification {unknown}
 i - a potion of ambrosia {unknown}
 k - a potion of haste {unknown}
 m - a potion of curing {unknown}
 r - a potion of heal wounds {unknown}

Dungeon Overview and Level Annotations

Branches:
Dungeon (4/15) Zot: 22203  Temple (0/1) D:4

Altars:
Gozag
Yredelemnul

Shops:
D:1 ?

Annotations:
D:3 exclusion: door

#.# ..# #.# #..## #.#
.... #.# ####..###
#.####......^ .#
#<.........###.
....#....8>8.......
#.........$...K####.#
####..........Jl@...#
####.....<.#######
#.......# #....=..#
#########


You could see a kobold brigand, an iguana and an endoplasm.


Message History

There are monsters nearby!
There are monsters nearby!
An iguana comes into view.
A kobold comes into view. It is wielding a +0 short sword.
The kobold shouts!
The iguana hisses angrily.
A kobold brigand comes into view.
It is wielding a +0 club and quivering poisoned darts.
Unknown command.
Unknown command.
There is a stone staircase leading up here.
The ball python closely misses you. The ball python grabs you.
You stop ascending the stairs.
The ball python constricts you. The goblin hits you but does no damage.
Unknown command.
You escape the ball python's grasp.
The goblin hits you but does no damage. The ball python completely misses you.
The ball python misses you.
You fly upwards.
Level annotation: exclusion: door
There is a stone staircase leading down here.
Unknown command.
Unknown command.
You closely miss the goblin. Your peck misses the goblin.
The ball python closely misses you. x2; The goblin misses you.
You barely miss the goblin.
The ball python bites you but does no damage.
The ball python misses you. The goblin misses you.
You hit the goblin but do no damage.
The goblin writhes in agony.
You claw the goblin.
You kill the goblin!
The ball python closely misses you. The ball python misses you.
You hit the ball python.
You kill the ball python!
You now have 172 gold pieces (gained 7).
There is a stone staircase leading down here.
You now have 178 gold pieces (gained 6).
You see here a +0 club {mace}.
There is a stone staircase leading down here.
You fly downwards.
You hear the hiss of flowing sand.
There is an entrance to an ossuary on this level.
Hurry and find it before the portal is buried!
The kobold brigand shouts!
There is a stone staircase leading up here.
Unknown command.
Unknown command.
You hear the slow hiss of a very distant avalanche of sand.
The kobold brigand throws a poisoned dart.
The poisoned dart closely misses you.
An endoplasm comes into view.
The kobold misses you.
The endoplasm quivers.
You hit the kobold.
You kill the kobold!
The kobold brigand is distracted by your dazzling golden aura.
Casting: Kiss of Death (safe; 9% risk of failure)
Confirm with . or Enter, or press ? or * to list all spells.
Aiming: Kiss of Death (safe; 9% risk of failure)
Press: ? - help, Shift-Dir - straight line, f - kobold brigand
Aim: a kobold brigand, wielding a +0 club and quivering poisoned darts (unaware, hasn't noticed you, 100% to hit)
You miscast Kiss of Death.
You are very lightly contaminated with residual magic.
Nothing appears to happen.
The kobold brigand shouts!
The kobold brigand is no longer distracted by gold.
The kobold brigand barely misses you. 😎 MP[-1]
You lost 1 mp, and now have 8/9 mp.
Casting: Kiss of Death (safe; 9% risk of failure)
Confirm with . or Enter, or press ? or * to list all spells.
Aiming: Kiss of Death (safe; 9% risk of failure)
Press: ? - help, Shift-Dir - straight line, f/p - kobold brigand
Aim: a kobold brigand, wielding a +0 club and quivering poisoned darts (100% to hit)
You miscast Kiss of Death.
Nothing appears to happen.
The kobold brigand hits you with a +0 club.
The iguana closely misses you. 😮 HP[-4] MP[-1]
You take 4 damage, and now have 11/15 hp.
MASSIVE DAMAGE!! (PAUSE)
You lost 1 mp, and now have 7/9 mp.
The kobold brigand throws a poisoned dart.
The poisoned dart hits you!
You are poisoned. 😕 HP[+1]
You feel very sick.
The endoplasm closely misses you. 😮 HP[-3]
You take 3 damage, and now have 9/15 hp.
You feel sick. 😮 HP[-1]
You take 1 damage, and now have 8/15 hp.
* * * LOW HITPOINT WARNING * * *
You feel sick. 😨 HP[-2]
You take 2 damage, and now have 6/15 hp.
It was a potion of berserk rage.
A red film seems to cover your vision as you go berserk!
You feel yourself moving faster!
You feel mighty!
You feel sick. The iguana bites you!
You die...
Your body crumbles into a pile of gold.

Skill      XL: |  1  2  3  4 |
---------------+-------------+-----
Necromancy     | 1 2 |  2.0
Armour         | 1 2 |  2.0
Dodging        | 3 |  3.2
Fighting       | |  2.9
Unarmed Combat | |  3.8
Spellcasting   | |  2.0
Conjurations   | |  4.0
Air Magic      | |  0.4
Poison Magic   | |  0.5

Action                   |  1- 3 |  4- 6 || total
-------------------------+-------+-------++-------
Melee: Unarmed           |    53 |    31 ||    84
       Kick              |     9 |     9 ||    18
       Peck              |     6 |     8 ||    14
       Dagger            |       |    18 ||    18
       Punch             |       |     4 ||     4
 Cast: Kiss of Death     |     8 |     2 ||    10
  Use: Potion            |       |     1 ||     1
 Stab: Sleeping          |       |     1 ||     1
Armor: Leather armour    |    12 |    12 ||    24
Dodge: Dodged            |    33 |    33 ||    66

Levels and vault maps discovered:
D:1:      erik_arrival_triangle_large, layout_basic, serial_shops,
          nicolae_square_shop, nicolae_shop_waterfront,
          nicolae_shop_bloodbath_and_beyond, nicolae_shop_hallway_stairs
D:2:      layout_loops_ring, basic_altar, roderic_serpentine_path
D:3:      minmay_spotlight, layout_basic, nicolae_gozag_seed_capital,
          dreamdust_ecumenical_altar_sealed_demon
D:4:      layout_loops_ring, temple_statues, enter_ossuary_1

Notes
Turn   | Place    | Note
-------+----------+-------------------------------------------
     0 | D:1      | spaghetti the Tengu Reaver began the quest for the Orb.
     0 | D:1      | Reached XP level 1. HP: 12/12 MP: 4/4
     0 | D:1      | magus.rc [v1.9.6]
    56 | D:1      | Found Caqie's Magic Scroll Emporium.
    70 | D:1      | You fall into a shaft and drop 1 floor!
   118 | D:2      | Reached XP level 2. HP: 13/17 MP: 6/6
   216 | D:2      | HP: 1/17 [worm (8)]
   218 | D:2      | Reached skill level 1 in Necromancy
   365 | D:2      | Reached skill level 1 in Armour
   385 | D:2      | Reached XP level 3. HP: 15/18 MP: 7/7
   513 | D:2      | You pick up a book of Vapours and begin reading...
   513 | D:2      | You add the spells Poisonous Vapours and Cigotuvi's
                  | Dreadful Rot to your library.
   543 | D:2      | Learned a level 2 spell: Cigotuvi's Dreadful Rot
   658 | D:2      | HP: 1/4 [quokka (3)]
   681 | D:2      | Reached XP level 4. HP: 3/11 MP: 5/8
   770 | D:2      | Found a basalt altar of Yredelemnul.
   838 | D:2      | Reached skill level 3 in Dodging
  1117 | D:3      | Found an opulent altar of Gozag.
  1125 | D:3      | Became a worshipper of Gozag Ym Sagoz the Greedy
  1256 | D:3      | You pick up a book of Blood and begin reading...
  1256 | D:3      | You add the spells Sublimation of Blood, Wereblood and
                  | Summon Hydra to your library.
  1305 | D:3      | Learned a level 2 spell: Sublimation of Blood
  1418 | D:3      | You pick up a book of Debilitation and begin reading...
  1418 | D:3      | You add the spells Slow, Vampiric Draining and Confusing
                  | Touch to your library.
  1653 | D:3      | HP: 1/11 [iguana (7)]
  1655 | D:3      | Reached skill level 2 in Armour
  1655 | D:3      | Reached skill level 2 in Necromancy
  1655 | D:3      | Gained mutation: Your magical nature lets you fly swiftly
                  | and evasively. [Tengu growth]
  1655 | D:3      | Reached XP level 5. HP: 3/15 MP: 7/9
  1736 | D:3      | Found a faded altar of an unknown god.
  1736 | D:3      | Noticed a Brimstone Fiend
  1748 | D:4      | Found a staircase to the Ecumenical Temple.
  1751 | D:4      | Noticed a kobold brigand
  1810 | D:4      | Slain by an iguana

Vanquished Creatures
  A hound (D:2)
  An iguana (D:3)
  3 adders
  2 worms (D:2)
  2 dart slugs (D:2)
  3 bats (D:3)
  2 endoplasms (D:2)
  A giant cockroach (D:2)
  4 hobgoblins
  8 jackals
  4 kobolds
  A quokka (D:2)
  4 ball pythons
  4 frilled lizards
  5 goblins
  3 rats
48 creatures vanquished.

Table legend:
 A = Non-vault XP
 B = Vault XP
 C = Vault XP percentage of total XP
 D = Non-vault monster count
 E = Vault monster count
 F = Vault count percentage of total count
                 A         B        C        D         E       F
            +---------+---------+-------+---------+---------+-------
      Total |     195 |       3 |   1.5 |      46 |       2 |   4.2
            +---------+---------+-------+---------+---------+-------
        D:1 |       1 |       0 |   0.0 |       1 |       0 |   0.0
        D:2 |     122 |       0 |   0.0 |      29 |       0 |   0.0
        D:3 |      71 |       3 |   4.1 |      15 |       2 |  11.8
        D:4 |       1 |       0 |   0.0 |       1 |       0 |   0.0
            +---------+---------+-------+---------+---------+-------

Illustrated notes

Table legend:
 A = Kills in this place as a percentage of kills in entire the game.
 B = Kills by you in this place as a percentage of kills by you in the entire game.
 C = Kills by friends in this place as a percentage of kills by friends in the entire game.
 D = Other kills in this place as a percentage of other kills in the entire game.
 E = Experience gained in this place as a percentage of experience gained in the entire game.
 F = Experience gained in this place divided by the number of levels of this place that you have seen.
                   A       B       C       D       E      F
               +-------+-------+-------+-------+-------+----------------------
         Total | 100.0 | 100.0 |   N/A |   N/A | 100.0 |  49.5
       Dungeon | 100.0 | 100.0 |   N/A |   N/A | 100.0 |  49.5
               +-------+-------+-------+-------+-------+----------------------

Table legend: (Time is in decaauts)
 A = Elapsed time spent in this place.
 B = Non-inter-level travel time spent in this place.
 C = Inter-level travel time spent in this place.
 D = Time resting spent in this place.
 E = Time spent auto-exploring this place.
 F = Levels seen in this place.
 G = Mean time per level.
                   A        B        C        D        E       F      G
               +--------+--------+--------+--------+--------+-----+--------+
         Total |   1795 |   1742 |     53 |    139 |   1294 |   4 |  448.8 |
       Dungeon |   1795 |   1742 |     53 |    139 |   1294 |   4 |  448.8 |
               +--------+--------+--------+--------+--------+-----+--------+

Top non-repeatable levels by time:
     D:2: 1005 daAuts
     D:3: 701 daAuts
     D:1: 69 daAuts
     D:4: 18 daAuts
